 Dungeon Crawl Stone Soup version 0.30-a0-923-g828ccac5a3 (webtiles) character file.

Game seed: 16496752182632326181

814 Morbidden the Magician (level 7, -7/49 HPs)
             Began as a Demonspawn Air Elementalist on Mar 22, 2023.
             Killed by divine providence
             ... invoked by an orc priest
              (8 damage)
             ... on level 5 of the Dungeon.
             The game lasted 00:05:39 (5177 turns).

Morbidden the Magician (DsAE)                       Turns: 5177, Time: 00:05:39

Health: -7/49      AC:  7    Str:  6      XL:     7   Next: 62%
Magic:  0/13       EV: 17    Int: 19      God:
Gold:   271        SH:  4    Dex: 10 (11) Spells: 12/15 levels left

rFire   . . .      SeeInvis .    a - +0 trident
rCold   . . .      Faith    .    (no shield)
rNeg    . . .      Spirit   +    c - +0 robe
rPois   .          Reflect  .    o - +0 helmet
rElec   .          Rampage  .    (no cloak)
rCorr   .                        (no gloves)
Will    .....                    h - +2 pair of boots
Stlth   ++                       (no amulet)
HPRegen 0.28/turn                p - +5 ring of evasion
MPRegen 0.26/turn                (no ring)

@: lethally poisoned (-7 -> -19)
A: magic shield, magic regeneration, magic link, sharp scales 1, condensation
shield, clumsy 1, weak 1, subdued magic 1
a: no special abilities


You were on level 5 of the Dungeon.
You visited 2 branches of the dungeon, and saw 6 of its levels.

You collected 271 gold pieces.

Inventory:

Hand Weapons
 a - a +0 trident (weapon)
Missiles
 k - 6 poisoned darts
Armour
 c - a +0 robe (worn)
 h - a +2 pair of boots (worn)
 o - a +0 helmet (worn)
Jewellery
 p - a +5 ring of evasion (left hand)
Scrolls
 e - 4 scrolls of teleportation {unknown}
 f - 6 scrolls of identify {unknown}
 g - a scroll of amnesia {unknown}
 i - a scroll of fear {unknown}
 j - a scroll of immolation {unknown}
 l - a scroll of summoning {unknown}
 r - a scroll of poison {unknown}
Potions
 b - a potion of magic
 d - 2 potions of flight
 m - 5 potions of haste


   Skills:
 * Level 1.7 Fighting
 + Level 0.8 Polearms
 * Level 2.1 Armour
 * Level 2.9 Dodging
 + Level 1.9 Stealth
 + Level 0.9 Shields
 * Level 4.6 Spellcasting
 * Level 3.3 Conjurations
 * Level 4.6 Air Magic


You had 12 spell levels left.
You knew the following spells:

 Your Spells              Type           Power      Damage    Failure   Level
a - Shock                 Conj/Air       60%        1d6       1%          1
z - Static Discharge      Conj/Air       30%        2-4/arc   2%          2

Your spell library contained the following spells:

 Spells                   Type           Power      Damage    Failure   Level
 Swiftness                Air            17%        N/A       4%          3
 Airstrike                Air            8%         2d(2-18)  16%         4
 Lesser Beckoning         Tloc           6%         N/A       17%         2
 Gell's Gravitas          Tloc           3%         N/A       32%         3
 Teleport Other           Tloc           3%         N/A       32%         3


Dungeon Overview and Level Annotations

Branches:
Dungeon (5/15)             Temple (1/1) D:5

Altars:
Fedhas
Gozag
Hepliaklqana
Kikubaaqudgha
Makhleb
Nemelex Xobeh
Okawaru
Qazlal
Ru
Sif Muna
Trog
Wu Jian
Xom
Yredelemnul

Annotations:
D:3 1 runed translucent door, Crazy Yiuf


Innate Abilities, Weirdness & Mutations

When hurt, damage is shared between your health and your magic reserves.
You regenerate magic rapidly.
When low on magic, you restore magic in place of health.
You are partially covered in razor-sharp scales. (AC +1, Slay +1)
A meltable shield of frost defends you. (SH +4)
You are clumsy. (Dex -2)
You are weak. (Str -2)
Your spells are a little easier to cast, but a little less powerful.


Message History

You are lethally poisoned!
The scorpion poisons you! The scorpion misses you.
You feel a genetic drift.
Your connection to magic feels subdued.
You no longer feel a malignance within.
Unknown command.
Casting: Shock (safe; 1% risk of failure)
Confirm with . or Enter, or press ? or * to list all spells.
The scorpion is struck by an arc of lightning.
The scorpion is almost dead.
You are struck by an arc of lightning.
The scorpion is struck by an arc of lightning.
You kill the scorpion!
You are struck by an arc of lightning.
The lightning grounds out.
* * * LOW HITPOINT WARNING * * *
You feel very sick.
Unknown command.
Unknown command.
Okay, then.
Okay, then.
Unknown command.
Casting: Static Discharge (safe; 2% risk of failure)
Confirm with . or Enter, or press ? or * to list all spells.
The orc is struck by an arc of lightning.
The orc is severely wounded.
You are struck by an arc of lightning.
* * * LOW HITPOINT WARNING * * *
The orc is struck by an arc of lightning.
You kill the orc!
You are struck by an arc of lightning.
* * * LOW HITPOINT WARNING * * *
The lightning grounds out.
* * * LOW HITPOINT WARNING * * *
You feel very sick.
An orc priest comes into view. It is wielding a +0 dagger.
Unknown command.
Unknown command.
* * * LOW HITPOINT WARNING * * *
You feel very sick.
The orc priest invokes the aid of Beogh against you.
Beogh smites you!
You die...

....###...........#
###......####.#.###
#####.##......#
#.##.##.###
#.##.##.# .
#.......# ...
###...#########.o#
##### #...#
#.))))[# ....#
#...# #@###).)#
###.#####...####)#
.#.#
.##..............#
o.
.................#
o.
..#..........)...#
..
...>###.#....#####
# ..#.# #.#....#
..#.# #.#<...#
.##.# #.#....#


You could see an orc priest.

Vanquished Creatures
  Menkaure (D:4)
  An ice beast (D:5)
  2 ogres
  A scorpion (D:5)
  5 orc priests (D:5)
  An iguana (D:5)
  An orc wizard (D:5)
  Robin (D:3)
  5 adders
  A shadow imp (D:5)
  A dart slug (D:1)
  12 orcs
  7 ball pythons
  4 bats
  5 endoplasms
  6 giant cockroaches
  14 hobgoblins
  2 jackals (D:2)
  5 kobolds
  3 quokkas
  3 frilled lizards
  17 goblins
  3 rats
101 creatures vanquished.

Notes
Turn   | Place    | Note
-------+----------+-------------------------------------------
     0 | D:1      | Morbidden the Demonspawn Air Elementalist began the quest
                  | for the Orb.
     0 | D:1      | Reached XP level 1. HP: 13/13 MP: 3/3
   131 | D:1      | Gained mutation: A meltable shield of frost defends you.
                  | (SH +4) [demonic ancestry]
   131 | D:1      | Reached XP level 2. HP: 3/19 MP: 0/5
  1078 | D:1      | Gained mutation: You regenerate magic rapidly. [demonic
                  | ancestry]
  1078 | D:1      | Reached XP level 3. HP: 24/24 MP: 3/6
  1081 | D:1      | Learned a level 2 spell: Static Discharge
  2349 | D:2      | Found a shimmering altar of Xom.
  2551 | D:3      | Reached XP level 4. HP: 30/30 MP: 3/8
  2932 | D:3      | Noticed Robin
  2975 | D:3      | Killed Robin
  3021 | D:3      | Found a runed translucent door.
  3022 | D:3      | Noticed Crazy Yiuf
  3319 | D:4      | Noticed an ogre
  3484 | D:4      | Killed an ogre
  3485 | D:4      | Reached skill level 1 in Armour
  3485 | D:4      | Gained mutation: You are partially covered in razor-sharp
                  | scales. (AC +1, Slay +1) [demonic ancestry]
  3485 | D:4      | Reached XP level 5. HP: 36/36 MP: 2/9
  3835 | D:4      | Noticed Menkaure
  3854 | D:4      | Gained mutation: You have hidden genetic defects. [potion
                  | of mutation]
  3858 | D:4      | Killed Menkaure
  3859 | D:4      | Reached skill level 1 in Fighting
  3859 | D:4      | Gained mutation: When hurt, damage is shared between your
                  | health and your magic reserves. [demonic ancestry]
  3859 | D:4      | Reached XP level 6. HP: 7/43 MP: 1/11
  3880 | D:4      | Gained mutation: You are clumsy. (Dex -2) [hidden defects]
  4006 | D:4      | Found a stormy altar of Qazlal.
  4301 | D:5      | Entered Level 5 of the Dungeon
  4618 | D:5      | Found a burning altar of Makhleb.
  4804 | D:5      | Gained mutation: You have terrible hidden genetic defects.
                  | [hidden defects]
  4804 | D:5      | Lost mutation: You have terrible hidden genetic defects.
                  | [hidden defects expressed]
  4829 | D:5      | Gained mutation: When low on magic, you restore magic in
                  | place of health. [demonic ancestry]
  4829 | D:5      | Reached XP level 7. HP: 48/48 MP: 7/13
  4843 | D:5      | Gained mutation: You are weak. (Str -2) [hidden defects]
  4973 | D:5      | Found a staircase to the Ecumenical Temple.
  4986 | Temple   | Entered the Ecumenical Temple
  5174 | D:5      | Gained mutation: Your spells are a little easier to cast,
                  | but a little less powerful. [hidden defects]
  5174 | D:5      | Lost mutation: You have hidden genetic defects. [hidden
                  | defects expressed]
  5177 | D:5      | HP: 1/49 [poisoned by a scorpion]
  5177 | D:5      | Killed from afar by an orc priest

Illustrated notes

Levels and vault maps discovered:
D:1:      nzn_arrival_crosshair, layout_basic, minmay_tetromino_i4
D:2:      wad_lake_hut, layout_basic, basic_altar
D:3:      layout_basic, uniq_crazy_yiuf_cottage, uniq_robin
D:4:      layout_cave_pools, old_standard_altar, grunt_decor_clamped,
          uniq_menkaure
D:5:      minmay_chambers_of_fours, layout_loops_cross, lightli_temple_of_fire,
          minmay_temple_entry_nine_rooms
Temple:   nicolae_temple_ecumenical_triangle

Skill      XL: |  1  2  3  4  5  6  7 |
---------------+----------------------+-----
Air Magic      | 3 4 |  4.6
Dodging        | 2 |  2.9
Conjurations   | 2 3 |  3.3
Armour         | 1 2 |  2.1
Spellcasting   | 3 4 |  4.6
Fighting       | 1 |  1.7
Polearms       | |  0.8
Stealth        | |  1.9
Shields        | |  0.9

Action                     |  1- 3 |  4- 6 |  7- 9 || total
---------------------------+-------+-------+-------++-------
  Melee: Trident           |    27 |    14 |     9 ||    50
         Punch             |     1 |       |       ||     1
   Cast: Shock             |    91 |   108 |    28 ||   227
         Static Discharge  |       |     2 |     3 ||     5
    Use: Potion            |       |     6 |       ||     6
   Stab: Sleeping          |     1 |       |       ||     1
 Armour: Robe              |     6 |    16 |     3 ||    25
  Dodge: Dodged            |    17 |    23 |    20 ||    60
  Block: Other             |     2 |     4 |     3 ||     9

Table legend: (Time is in decaauts)
 A = Elapsed time spent in this place.
 B = Non-inter-level travel time spent in this place.
 C = Inter-level travel time spent in this place.
 D = Time resting spent in this place.
 E = Time spent auto-exploring this place.
 F = Levels seen in this place.
 G = Mean time per level.
                   A        B        C        D        E       F      G
               +--------+--------+--------+--------+--------+-----+--------+
         Total |   5211 |   4942 |    269 |    429 |   3934 |   6 |  868.5 |
       Dungeon |   5149 |   4897 |    252 |    429 |   3898 |   5 | 1029.8 |
        Temple |     61 |     44 |     17 |      0 |     36 |   1 |   61.0 |
               +--------+--------+--------+--------+--------+-----+--------+

Top non-repeatable levels by time:
     D:1: 1456 daAuts
     D:2: 1098 daAuts
     D:4: 892 daAuts
     D:3: 883 daAuts
     D:5: 818 daAuts
  Temple: 61 daAuts
